 Dungeon Crawl Stone Soup version 0.27.1-3-gb3d3a73c9e (webtiles) character file.

Game seed: 2658059466427825485

7410 earthworldpsion the Basher (level 10, -5/136 HPs)
             Began as a Minotaur Hunter on Oct 17, 2021.
             Was a Priest of the Shining One.
             Slain by a death yak (11 damage)
             ... on level 9 of the Dungeon.
             The game lasted 01:13:55 (10957 turns).

earthworldpsion the Basher (Minotaur Hunter)       Turns: 10957, Time: 01:13:55

Health: -5/136     AC: 29    Str: 19    XL:     10   Next: 92%
Magic:  9/9        EV:  2    Int: 14    God:    the Shining One [***...]
Gold:   326        SH: 16    Dex: 12    Spells: 7/9 levels left

rFire    . . .     SeeInvis .   k - +3 mace (vorpal)
rCold    . . .     Faith    .   c - +2 tower shield
rNeg     + + +     Spirit   .   (armour currently unavailable)
rPois    +         Reflect  .   (helmet currently unavailable)
rElec    .         Harm     .   (cloak currently unavailable)
rCorr    .         Rampage  .   (gloves currently unavailable)
Will     .....     NoTele   +   (boots currently unavailable)
Stlth    +.........             (no amulet)
HPRegen  0.32/turn              h - +4 ring of protection
MPRegen  0.11/turn              o - +6 ring of intelligence

@: tree-form, glowing
A: stationary, stasis, torment immunity, boosted hp, (horns 2), (retaliatory
headbutt)
a: Renounce Religion, Divine Shield


You were on level 9 of the Dungeon.
You worshipped the Shining One.
The Shining One was most pleased with you.
You were a tree.
You visited 2 branches of the dungeon, and saw 10 of its levels.

You collected 476 gold pieces.
You spent 150 gold pieces at shops.

Inventory:

Hand Weapons
 a - a +1 shortbow
 k - a +3 vorpal mace (weapon)
 n - a +2 vorpal hand axe
 s - a +1 halberd of freezing
Missiles
 d - 198 arrows
 i - 2 throwing nets
Armour
 c - a +2 tower shield (worn)
 f - a +1 leather armour of fire resistance
 g - a +2 cloak (melded)
 u - a +2 pair of gloves (melded)
 v - the +4 chain mail of Analysis (melded) {Rampage +Blink rPois}
   (You took it off an orc on level 7 of the Dungeon)

   rPois:     It protects you from poison.
   +Blink:    It lets you blink.
   Rampage:   It bestows one free step when moving towards enemies.
Jewellery
 h - a +4 ring of protection (left branch)
 o - a +6 ring of intelligence (right branch)
 r - a ring of positive energy
Wands
 m - a wand of iceblast (11)
 q - a wand of polymorph (11)
 t - a wand of mindburst (12) (quivered)
Scrolls
 b - 2 scrolls of noise
 e - a scroll of identify
 j - a scroll of holy word
 l - a scroll of vulnerability
 p - a scroll of fear
 y - a scroll of teleportation
Potions
 x - a potion of berserk rage
 z - a potion of invisibility


   Skills:
 + Level 9.2 Fighting
 + Level 10.9 Maces & Flails
 + Level 0.3 Polearms
 + Level 9.8 Bows
 + Level 6.7 Armour
 + Level 5.7 Dodging
 + Level 3.0 Stealth
 + Level 3.9 Shields
 + Level 0.4 Evocations


You had 7 spell levels left.
You knew the following spells:

 Your Spells              Type           Power      Damage    Failure   Level
a - Poisonous Vapours     Pois/Air       0%         N/A       100%        2

Your spell library contained the following spells:

 Spells                   Type           Power      Damage    Failure   Level
 Animate Skeleton         Necr           0%         N/A       99%         1
 Foxfire                  Conj/Fire      0%         2x1d4     99%         1
 Shock                    Conj/Air       0%         1d3       99%         1
 Sting                    Tmut/Pois      0%         1d3       99%         1
 Gell's Gravitas          Tloc           0%         N/A       100%        3
 Teleport Other           Tloc           0%         N/A       100%        3
 Olgreb's Toxic Radiance  Pois           0%         N/A       100%        4
 Dispersal                Tloc           0%         N/A       100%        6


Dungeon Overview and Level Annotations

Branches:
Dungeon (9/15)             Temple (1/1) D:6
   Lair: D:8-11         Orc: D:9-12

Altars:
Ashenzari
Cheibriados
Dithmenos
Elyvilon
Gozag
Hepliaklqana
Kikubaaqudgha
Nemelex Xobeh
Okawaru
Qazlal
Sif Muna
Trog
Uskayaw
Vehumet
Wu Jian
Xom
Yredelemnul
The Shining One

Shops:
D:3 (   D:4 :=*!*


Innate Abilities, Weirdness & Mutations

You are a tree.
Your roots penetrate the ground, keeping you stationary.
You cannot be teleported.
You are immune to unholy pain and torment.
Your maximum health is greatly increased.
Your equipment is partially melded.
((You have a pair of horns on your head.))
((You reflexively headbutt those who attack you in melee.))


Message History

You thump the death yak!
The death yak is severely wounded.
The death yak gores you but does no damage.
The death yak snorts and paws the ground.
You block the death yak's attack.
You hit the death yak.
The death yak is severely wounded.
The death yak barely misses you.
You hit the death yak but do no damage.
The death yak is severely wounded.
The death yak completely misses you.
You hit the death yak.
The death yak is severely wounded.
The death yak gores you but does no damage.
You hit the death yak.
The death yak is severely wounded.
You block the death yak's attack. The death yak gores you!
* * * LOW HITPOINT WARNING * * *
You hit the death yak.
The death yak is almost dead.
The death yak snorts and paws the ground.
The death yak gores you.
* * * LOW HITPOINT WARNING * * *
You thump the death yak!
You kill the death yak!
You hit the death yak.
The death yak is lightly wounded.
The death yak gores you.
* * * LOW HITPOINT WARNING * * *
You hit the death yak.
The death yak is lightly wounded.
You block the death yak's attack. The death yak gores you.
* * * LOW HITPOINT WARNING * * *
You hit the death yak.
The death yak is lightly wounded.
You block the death yak's attack.
You hit the death yak but do no damage.
The death yak is lightly wounded.
The death yak gores you!
You die...

........'...
###.....#### +.....####
#......... #......###
######.# . #.#
....##################.#
......roY♣.............#
.....###################
... . # . #


You could see a death yak, a hell rat and an orc.

Vanquished Creatures
  2 death yaks (D:9)
  Pikel (D:6)
  A troll (D:7)
  A vampire (D:9)
  3 yaks (D:8)
  A warg (D:7)
  A water moccasin (D:5)
  3 orc warriors
  3 sky beasts
  9 ogres
  3 centaurs
  3 necrophages (D:5)
  A phantom (D:6)
  2 lemures (D:6)
  3 kobold brigands
  4 bullfrogs
  2 gnoll sergeants
  2 scorpions (D:5)
  3 wights (D:7)
  7 howler monkeys
  A bullfrog zombie (D:6)
  A centaur zombie (D:9)
  6 gnoll shamans
  10 orc priests
  11 hounds
  Crazy Yiuf (D:3)
  A bullfrog skeleton (D:7)
  3 iguanas
  Terence (D:3)
  8 orc wizards
  A hell rat (D:9)
  2 hound skeletons
  2 howler monkey zombies (D:9)
  4 adders
  28 gnolls
  A howler monkey skeleton (D:6)
  A shadow imp (D:6)
  4 dart slugs
  24 orcs
  8 endoplasms
  3 giant cockroaches (D:1)
  12 goblins
  8 hobgoblins
  8 jackals
  A quokka (D:1)
  7 ball pythons
  2 bats (D:2)
  3 frilled lizards
  11 kobolds
  10 rats
238 creatures vanquished.

Vanquished Creatures (others)
  A fungus (D:7)
  2 plants (D:7)
3 creatures vanquished.

Grand Total: 241 creatures vanquished

Notes
Turn   | Place    | Note
-------+----------+-------------------------------------------
     0 | D:1      | earthworldpsion the Minotaur Hunter began the quest for the
                  | Orb.
     0 | D:1      | Reached XP level 1. HP: 18/18 MP: 0/0
   158 | D:1      | Reached skill level 5 in Bows
   158 | D:1      | Reached XP level 2. HP: 21/25 MP: 1/1
   438 | D:1      | Reached XP level 3. HP: 30/30 MP: 2/2
   692 | D:1      | Found a faded altar of an unknown god.
  1355 | D:2      | Reached skill level 1 in Armour
  1355 | D:2      | Reached XP level 4. HP: 38/38 MP: 3/3
  1483 | D:2      | Got The Arcane Arts, Part One
  1486 | D:2      | Learned a level 1 spell: Animate Skeleton
  1675 | D:3      | Found Cyceanor's Weapon Shop.
  1681 | D:3      | Bought 11 arrows for 30 gold pieces
  1812 | D:3      | Reached skill level 1 in Stealth
  1829 | D:3      | Reached XP level 5. HP: 29/45 MP: 4/4
  2365 | D:3      | Noticed Terence
  2378 | D:3      | Killed Terence
  2635 | D:3      | Found a runed translucent door.
  2636 | D:3      | Noticed Crazy Yiuf
  2645 | D:3      | Killed Crazy Yiuf
  2982 | D:4      | Found Imuxin's Book Emporium.
  3013 | D:4      | Reached XP level 6. HP: 50/51 MP: 5/5
  3147 | D:4      | Found a glowing golden altar of the Shining One.
  3154 | D:4      | Became a worshipper of the Shining One
  3179 | D:4      | Found Foveapt's Assorted Antiques.
  3267 | D:4      | Found Hunyaggya's Distillery.
  3270 | D:4      | Bought 2 potions of heal wounds for 120 gold pieces
  3273 | D:4      | Found Ler Cele's Assorted Antiques.
  3293 | D:4      | Found Lohifogu's Jewellery Boutique.
  3477 | D:5      | Entered Level 5 of the Dungeon
  3640 | D:5      | Reached skill level 1 in Maces & Flails
  3718 | D:5      | Noticed a water moccasin
  3722 | D:5      | Reached XP level 7. HP: 47/57 MP: 6/6
  3724 | D:5      | Reached skill level 2 in Maces & Flails
  3974 | D:5      | Reached skill level 3 in Maces & Flails
  4418 | D:6      | Reached * piety under the Shining One
  4418 | D:6      | Found a staircase to the Ecumenical Temple.
  4487 | D:6      | Reached skill level 4 in Maces & Flails
  4487 | D:6      | Reached XP level 8. HP: 48/67 MP: 7/7
  4819 | D:6      | Noticed Pikel
  4828 | D:6      | Killed Pikel
  4829 | D:6      | Reached skill level 5 in Fighting
  4829 | D:6      | Reached skill level 6 in Maces & Flails
  5262 | Temple   | Entered the Ecumenical Temple
  5417 | D:6      | Reached skill level 5 in Armour
  5417 | D:6      | Reached XP level 9. HP: 73/75 MP: 8/8
  5487 | D:6      | Reached skill level 7 in Maces & Flails
  5834 | D:7      | Found a stormy altar of Qazlal.
  6406 | D:7      | Learned a level 2 spell: Poisonous Vapours
  6439 | D:7      | Reached skill level 8 in Maces & Flails
  6452 | D:7      | Reached ** piety under the Shining One
  6946 | D:7      | Reached skill level 9 in Maces & Flails
  6969 | D:7      | Reached skill level 5 in Dodging
  7441 | D:7      | Noticed a troll
  7441 | D:7      | Identified the +4 chain mail of Analysis {Rampage +Blink
                  | rPois}
  7459 | D:7      | Killed a troll
  7573 | D:7      | Reached XP level 10. HP: 27/86 MP: 9/9
  8074 | D:7      | Reached *** piety under the Shining One
  8470 | D:7      | Reached skill level 10 in Maces & Flails
  9072 | D:8      | Reached skill level 1 in Shields
  9202 | D:8      | HP: 2/89 [gnoll shaman (6)]
  9789 | D:8      | Found an opulent altar of Gozag.
 10390 | D:9      | Found an iron altar of Okawaru.
 10902 | D:9      | Noticed a death yak
 10905 | D:9      | Noticed a death yak
 10906 | D:9      | Noticed a death yak
 10931 | D:9      | Killed a death yak
 10953 | D:9      | Killed a death yak
 10955 | D:9      | HP: 5/136 [death yak (5)]
 10957 | D:9      | Slain by a death yak

Illustrated notes

Levels and vault maps discovered:
D:1:      tarquinn_simple_flora_water_a, layout_basic,
          hellmonk_ecumenical_altar_inner_sanctum, serial_bayou_pond_d
D:2:      layout_loops_ring
D:3:      layout_loops_ring, serial_shops, nicolae_shop_stone, minmay_unequal,
          uniq_terence, uniq_crazy_yiuf_cottage
D:4:      layout_cave_pools, lemuel_doored_altar, serial_shops, shop,
          kennysheep_mini, nicolae_stop_n_shop_2, nicolae_shop_statue_plus,
          kennysheep_nondescript, nicolae_stop_n_shop_2
D:5:      layout_basic
D:6:      layout_rooms, minmay_temple_entry_offerings, uniq_pikel
D:7:      lemuel_castle_with_subvaults [lemuel_castle_interior_carwin_1],
          layout_basic, mainiacjoe_overflow_small_starburst
D:8:      layout_loops_ring, mainiacjoe_overflow_brackets
D:9:      layout_basic, lemuel_crystal_altar, dpeg_lair_monsters, minivault_1
Temple:   eino_temple_rhombus

Skill      XL: |  1  2  3  4  5  6  7  8  9 10 |
---------------+-------------------------------+-----
Bows           | 5 6 7 8 9 |  9.8
Fighting       | 3 4 5 7 9 |  9.2
Armour         | 1 2 3 5 6 |  6.7
Stealth        | 1 2 3 |  3.0
Maces & Flails | 1 4 6 9 10 | 10.9
Dodging        | 3 4 5 |  5.7
Shields        | 3 |  3.9
Polearms       | |  0.3
Evocations     | |  0.4

Action                   |  1- 3 |  4- 6 |  7- 9 | 10-12 || total
-------------------------+-------+-------+-------+-------++-------
Melee: Shortbow          |    26 |     4 |       |       ||    30
       Headbutt          |     1 |     8 |    50 |    39 ||    98
       Short sword       |       |     7 |       |       ||     7
       Mace              |       |    44 |   230 |   214 ||   488
       Halberd           |       |       |       |     2 ||     2
 Fire: Shortbow          |    62 |    89 |    70 |    23 ||   244
Evoke: Wand              |       |       |       |     7 ||     7
  Use: Scroll            |     5 |     2 |     7 |     4 ||    18
       Potion            |       |     1 |     4 |     3 ||     8
Armor: Leather armour    |    19 |    33 |   134 |    11 ||   197
       Chain mail        |       |       |       |    77 ||    77
       Skin              |       |       |       |     5 ||     5
Dodge: Dodged            |    38 |    45 |   186 |    69 ||   338
Block: Tower shield      |       |       |       |   143 ||   143
